 Dungeon Crawl Stone Soup version 0.30-a0-840-ga523dec638 (webtiles) character file.

Game seed: 10297756476050165346

583 retardedninja the Shield-Bearer (level 7, 0/60 HPs)
             Began as a Gnoll Fighter on Mar 1, 2023.
             Slain by a gnoll
             ... wielding a +0 spear
             ... led by a gnoll bouda
              (8 damage)
             ... on level 5 of the Dungeon.
             The game lasted 00:04:34 (3362 turns).

retardedninja the Shield-Bearer (Gnoll Fighter)     Turns: 3362, Time: 00:04:34

Health: 0/60       AC:  8    Str: 18    XL:     7   Next: 37%
Magic:  10/10      EV:  8    Int:  7    God:
Gold:   209        SH:  5    Dex: 11    Spells: 11/11 levels left

rFire   . . .      SeeInvis .    a - +0 flail
rCold   . . .      Faith    .    c - +0 buckler
rNeg    . . .      Spirit   .    k - +0 chain mail
rPois   .          Reflect  .    r - +2 hat
rElec   .          Harm     .    (no cloak)
rCorr   .          Rampage  .    (no gloves)
Will    .....                    (no boots) Stlth
                                 (no amulet)
HPRegen 0.30/turn                (no ring)
MPRegen 0.12/turn                (no ring)

@: marked, corroded
A: fangs 1, strong nose, distributed training
a: no special abilities


You were on level 5 of the Dungeon.
You visited 1 branch of the dungeon, and saw 5 of its levels.

You collected 209 gold pieces.

Inventory:

Hand Weapons
 a - a +0 flail (weapon)
Armour
 c - a +0 buckler (worn)
 k - a +0 chain mail (worn)
 r - a +2 hat (worn)
Wands
 p - a wand of paralysis (8)
 u - a wand of polymorph (11)
Scrolls
 b - 2 scrolls of identify {unknown}
 e - 2 scrolls of teleportation {unknown}
 h - 2 scrolls of blinking {unknown}
 i - 2 scrolls of poison {unknown}
 j - 2 scrolls of vulnerability {unknown}
 l - 2 scrolls of enchant weapon {unknown}
 o - a scroll of torment {unknown}
 s - a scroll of noise {unknown}
 t - a scroll of immolation {unknown}
 x - a scroll of magic mapping {unknown}
Potions
 d - 5 potions of might
 f - 2 potions of attraction {unknown}
 g - 2 potions of curing
 m - a potion of lignification {unknown}
 n - a potion of heal wounds {unknown}
 q - a potion of invisibility {unknown}
 v - 2 potions of resistance {unknown}
 w - a potion of degeneration {unknown}
 z - 2 potions of berserk rage {unknown}


   Skills:
 + Level 7.0 Fighting
 + Level 2.5 Short Blades
 + Level 2.5 Long Blades
 + Level 2.5 Axes
 + Level 5.2 Maces & Flails
 + Level 2.5 Polearms
 + Level 2.5 Staves
 + Level 2.5 Ranged Weapons
 + Level 2.5 Throwing
 + Level 7.0 Armour
 + Level 2.5 Dodging
 + Level 2.5 Stealth
 + Level 7.0 Shields
 + Level 2.5 Unarmed Combat
 + Level 2.5 Spellcasting
 + Level 2.0 Conjurations
 + Level 2.0 Hexes
 + Level 2.0 Summonings
 + Level 2.0 Necromancy
 + Level 2.0 Translocations
 + Level 2.0 Transmutations
 + Level 2.0 Fire Magic
 + Level 2.0 Ice Magic
 + Level 2.0 Air Magic
 + Level 2.0 Earth Magic
 + Level 2.0 Poison Magic
 + Level 2.8 Invocations
 + Level 2.5 Evocations


You had 11 spell levels left.
You didn't know any spells.
Your spell library contained the following spells:

 Spells                   Type           Power      Damage    Failure   Level
 Apportation              Tloc           6%         N/A       90%         1
 Sandblast                Erth           6%         2d5       90%         1
 Ensorcelled Hibernation  Hex/Ice        6%         N/A       97%         2
 Passwall                 Tmut/Erth      2%         N/A       97%         2
 Spider Form              Tmut/Pois      3%         N/A       99%         3
 Stone Arrow              Conj/Erth      6%         3d7       99%         3
 Anguish                  Hex/Necr       1%         N/A       100%        4
 Alistair's Intoxication  Tmut/Pois      2%         N/A       100%        5


Dungeon Overview and Level Annotations

Branches:
Dungeon (5/15)
 Temple: D:4-7

Altars:
Cheibriados


Innate Abilities, Weirdness & Mutations

You have very sharp teeth.
Your uncanny sense of smell can sniff out nearby items.
Your experience applies equally to all skills.


Message History

Press: ? - help, Q - select action, (/) - cycle Shift-Dir - straight line, f/p - killer bee
Aim: a killer bee (chance to affect: 64%)
The killer bee suddenly stops moving!
An orc comes into view.
It is wielding a +0 club and quivering poisoned darts.
The gnoll hits you but does no damage. The gnoll barely misses you.
The gnoll bouda barks out a call to the hunt!
The gnolls pick up the pace!
The white imp barely misses you. The jelly hits you but does no damage.
The helpless killer bee fails to defend itself.
You sock the killer bee!
The killer bee is heavily wounded.
The white imp hits you but does no damage.
You block the gnoll's attack. The gnoll hits you but does no damage.
An iguana comes into view.
The jelly hits you.
* * * LOW HITPOINT WARNING * * *
The acid corrodes you!
You are splashed with acid!
* * * LOW HITPOINT WARNING * * *
The helpless killer bee fails to defend itself.
You hit the killer bee.
The killer bee is severely wounded.
The white imp gestures at you. The puff of frost misses you.
The puff of frost hits the killer bee!
The killer bee dies!
The gnoll returns to its original shape as it dies.
The gnoll hits you from afar with a +0 spear.
* * * LOW HITPOINT WARNING * * *
You block the gnoll's attack. The jelly hits you but does no damage.
It was a potion of curing.
You feel better. You block the gnoll's attack.
The white imp hits you but does no damage.
The gnoll hits you from afar with a +0 spear.
* * * LOW HITPOINT WARNING * * *
An ogre comes into view. It is wielding a +0 giant spiked club.
The jelly hits you but does no damage.
You feel better. The gnoll barely misses you. The white imp gestures at you.
The puff of frost hits you.
* * * LOW HITPOINT WARNING * * *
The gnoll hits you from afar with a +0 spear!
You die...

.. #+# ### ..##..##..##
.......... ..>.....# .
#.....l######+#
..##...So........
....(gggg....... ∆
###+###O# #...#
#.$.$$#@######'#####
#.....#5J......#...#
#.._$.#........#...+
#....$#.##.....#...#
#...$.#.##.....##..##...
#######.#####'###..+....
.........#.<..O....#....
.........#.........##...
.........#.....##'###...


You could see 2 ogres, an iguana, a jelly, 4 gnolls, an adder, a white imp and
an orc.

Vanquished Creatures
  Sigmund (D:3)
  A wyvern (D:4)
  A scorpion (D:5)
  A jelly (D:4)
  An orc wizard (D:4)
  4 gnolls (D:3)
  An adder (D:4)
  2 worms
  3 dart slugs
  6 orcs
  5 endoplasms
  4 giant cockroaches
  3 goblins
  A hobgoblin (D:1)
  4 jackals (D:3)
  3 quokkas
  7 ball pythons
  12 bats
  5 frilled lizards
  10 kobolds
  7 rats
82 creatures vanquished.

Vanquished Creatures (others)
  A killer bee (D:5)
1 creature vanquished.

Grand Total: 83 creatures vanquished

Notes
Turn   | Place    | Note
-------+----------+-------------------------------------------
     0 | D:1      | retardedninja the Gnoll Fighter began the quest for the
                  | Orb.
     0 | D:1      | Reached XP level 1. HP: 23/23 MP: 1/1
   120 | D:1      | Reached XP level 2. HP: 29/29 MP: 2/2
   142 | D:1      | Found a faded altar of an unknown god.
   743 | D:2      | Identified the +4 dagger "Ivvits" {flame, rC- rN++ Str+9
                  | Stlth+}
   802 | D:2      | Reached XP level 3. HP: 35/35 MP: 3/3
  1202 | D:2      | Reached skill level 1 in Invocations
  1433 | D:2      | Reached skill level 1 in Short Blades
  1433 | D:2      | Reached skill level 1 in Long Blades
  1433 | D:2      | Reached skill level 1 in Axes
  1433 | D:2      | Reached skill level 1 in Polearms
  1433 | D:2      | Reached skill level 1 in Staves
  1433 | D:2      | Reached skill level 1 in Ranged Weapons
  1433 | D:2      | Reached skill level 1 in Throwing
  1433 | D:2      | Reached skill level 1 in Dodging
  1433 | D:2      | Reached skill level 1 in Stealth
  1433 | D:2      | Reached skill level 1 in Unarmed Combat
  1433 | D:2      | Reached skill level 1 in Spellcasting
  1433 | D:2      | Reached skill level 1 in Evocations
  1609 | D:3      | Reached XP level 4. HP: 41/41 MP: 5/5
  1736 | D:3      | Noticed Sigmund
  1750 | D:3      | Killed Sigmund
  1751 | D:3      | Reached skill level 1 in Conjurations
  1751 | D:3      | Reached skill level 1 in Hexes
  1751 | D:3      | Reached skill level 1 in Summonings
  1751 | D:3      | Reached skill level 1 in Necromancy
  1751 | D:3      | Reached skill level 1 in Translocations
  1751 | D:3      | Reached skill level 1 in Transmutations
  1751 | D:3      | Reached skill level 1 in Fire Magic
  1751 | D:3      | Reached skill level 1 in Ice Magic
  1751 | D:3      | Reached skill level 1 in Air Magic
  1751 | D:3      | Reached skill level 1 in Earth Magic
  1751 | D:3      | Reached skill level 1 in Poison Magic
  1751 | D:3      | Reached XP level 5. HP: 35/47 MP: 5/7
  1810 | D:3      | Reached XP level 6. HP: 53/53 MP: 8/8
  2014 | D:3      | Reached skill level 5 in Maces & Flails
  2311 | D:4      | an ogre changed into a wyvern
  2311 | D:4      | Noticed a wyvern
  2317 | D:4      | Killed a wyvern
  2688 | D:4      | Reached XP level 7. HP: 56/60 MP: 10/10
  3238 | D:5      | Entered Level 5 of the Dungeon
  3344 | D:5      | Found a snail-covered altar of Cheibriados.
  3360 | D:5      | HP: 3/60 [gnoll/+0 spear[a gnoll bouda] (3)]
  3362 | D:5      | Slain by a gnoll

Illustrated notes

Levels and vault maps discovered:
D:1:      minmay_arrival_hallway, layout_basic, shapermc_ecumenical_altar_venn,
          minmay_misc_feat_five, minmay_nonomino_d4
D:2:      layout_loops_corners, minmay_crystal_room,
          chequers_serial_rivers_micro_d, kennysheep_generic_room_2
D:3:      layout_basic, st_stairs_1, roderic_lattice_a, hangedman_decor_lopped,
          uniq_sigmund
D:4:      layout_loops_ring
D:5:      layout_gridville, amcnicky_altar_gilded, kennysheep_generic_room_8

Skill      XL: |  1  2  3  4  5  6  7 |
---------------+----------------------+-----
Invocations    | 1 2 |  2.8
Short Blades   | 1 2 |  2.5
Long Blades    | 1 2 |  2.5
Axes           | 1 2 |  2.5
Polearms       | 1 2 |  2.5
Staves         | 1 2 |  2.5
Ranged Weapons | 1 2 |  2.5
Throwing       | 1 2 |  2.5
Dodging        | 1 2 |  2.5
Stealth        | 1 2 |  2.5
Unarmed Combat | 1 2 |  2.5
Spellcasting   | 1 2 |  2.5
Evocations     | 1 2 |  2.5
Conjurations   | 1 2 |  2.0
Hexes          | 1 2 |  2.0
Summonings     | 1 2 |  2.0
Necromancy     | 1 2 |  2.0
Translocations | 1 2 |  2.0
Transmutations | 1 2 |  2.0
Fire Magic     | 1 2 |  2.0
Ice Magic      | 1 2 |  2.0
Air Magic      | 1 2 |  2.0
Earth Magic    | 1 2 |  2.0
Poison Magic   | 1 2 |  2.0
Maces & Flails | 5 |  5.2
Fighting       | 7 |  7.0
Armour         | 7 |  7.0
Shields        | 7 |  7.0

Action                     |  1- 3 |  4- 6 |  7- 9 || total
---------------------------+-------+-------+-------++-------
  Melee: Flail             |   120 |    57 |    42 ||   219
         Bite              |    10 |     6 |     4 ||    20
         Unarmed           |       |     8 |       ||     8
  Throw: Javelin           |    13 |     3 |     1 ||    17
  Evoke: Wand              |       |     1 |     3 ||     4
    Use: Potion            |       |     1 |     2 ||     3
   Stab: Paralysed         |       |       |     2 ||     2
 Armour: Scale mail        |    32 |       |       ||    32
         Chain mail        |    31 |    41 |    50 ||   122
         Skin              |       |     1 |       ||     1
  Dodge: Dodged            |    55 |    22 |    14 ||    91
  Block: Buckler           |    45 |    14 |     9 ||    68

Table legend: (Time is in decaauts)
 A = Elapsed time spent in this place.
 B = Non-inter-level travel time spent in this place.
 C = Inter-level travel time spent in this place.
 D = Time resting spent in this place.
 E = Time spent auto-exploring this place.
 F = Levels seen in this place.
 G = Mean time per level.
                   A        B        C        D        E       F      G
               +--------+--------+--------+--------+--------+-----+--------+
         Total |   3416 |   3384 |     32 |    351 |   2351 |   5 |  683.2 |
       Dungeon |   3416 |   3384 |     32 |    351 |   2351 |   5 |  683.2 |
               +--------+--------+--------+--------+--------+-----+--------+

Top non-repeatable levels by time:
     D:3: 982 daAuts
     D:2: 833 daAuts
     D:1: 753 daAuts
     D:4: 722 daAuts
     D:5: 125 daAuts
